 Dungeon Crawl Stone Soup version 0.23-a0-607-g760965b (webtiles) character file.

594 Lanoc the Ruffian (level 7, -3/61 HPs)
             Began as a Ghoul Chaos Knight on Dec 20, 2018.
             Was a Plaything of Xom.
             Slain by a gnoll
             ... wielding a cursed -1 club
              (10 damage)
             ... on level 5 of the Dungeon.
             The game lasted 00:10:44 (2136 turns).

Lanoc the Ruffian (Ghoul Chaos Knight)              Turns: 2136, Time: 00:10:45

Health: -3/61      AC:  6    Str: 18    XL:     7   Next: 39%
Magic:  6/6        EV: 12    Int:  7    God:    Xom [.*....]
Gold:   218        SH:  0    Dex:  8    Spells: 6/6 levels left

rFire    . . .     SeeInvis .     - Unarmed
rCold    + . .     Gourm    .   (no shield)
rNeg     + + +     Faith    .   a - +2 leather armour
rPois    ∞         Spirit   .   (no helmet)
rElec    .         Reflect  .   q - +0 cloak
rCorr    .         Harm     .   (no gloves)
MR       .....                  (no boots)
Stlth    +.........             (no amulet)
HPRegen  0.00/turn              (no ring)
MPRegen  0.10/turn              (no ring)

@: rotting, glowing
A: rotting body, claws 1, carnivore, cold resistance 1, negative energy
resistance 3, inhibited regeneration, torment resistance, unbreathing
a: Renounce Religion


You were on level 5 of the Dungeon.
You worshipped Xom.
You were a plaything of Xom.
You were not hungry.

You visited 1 branch of the dungeon, and saw 5 of its levels.

You collected 218 gold pieces.

Inventory:

Hand Weapons
 e - a +3 quarterstaff of chaos
 g - a +2 dagger of protection
Armour
 a - a +2 leather armour (worn)
 q - a +0 cloak (worn)
Scrolls
 c - a scroll of amnesia {unknown}
 d - 4 scrolls of identify
 h - 5 scrolls of enchant weapon
 i - 2 scrolls of remove curse
 j - 3 scrolls of magic mapping {unknown}
 l - a scroll of enchant armour {unknown}
 p - 2 scrolls of immolation {unknown}
 r - 4 scrolls of teleportation {unknown}
 s - a scroll of fog {unknown}
Potions
 k - 2 potions of curing
 m - a potion of resistance {unknown}
 n - a potion of flight {unknown}
 o - 3 potions of degeneration {unknown}
 t - a potion of lignification {unknown}
Comestibles
 b - 10 rations


   Skills:
 + Level 5.0 Fighting
 + Level 3.5 Armour
 + Level 3.1 Dodging
 * Level 6.2 Unarmed Combat


You had 6 spell levels left.
You didn't know any spells.
Your spell library was empty.

Dungeon Overview and Level Annotations

Branches:
Dungeon (5/15)
 Temple: D:4-7

Altars:
Nemelex Xobeh
Okawaru
Trog
Vehumet
Zin


Innate Abilities, Weirdness & Mutations

Your body is rotting away.
You thrive on raw meat.
You are immune to poison.
You have sharp fingernails.
You are carnivorous and can eat meat at any time.
Your flesh is cold resistant. (rC+)
You are immune to negative energy. (rN+++)
You do not regenerate when monsters are visible.
You are immune to unholy pain and torment.
You can survive without breathing.


Message History

2 chunks of flesh; a jackal skeleton Eat one of 2 chunks of flesh? (ye/n/q)
You eat one of the 2 chunks of flesh.
You feel more resilient.
This raw flesh tastes great!
The gnoll hits you but does no damage. x2
Eat a chunk of flesh? (ye/n/q)
You eat the chunk of flesh.
This raw flesh tastes great!
The gnoll hits you with a +0 flail!
* * * LOW HITPOINT WARNING * * *
The gnoll hits you with a cursed -1 club.
* * * LOW HITPOINT WARNING * * *
The gnoll hits you but does no damage.
You scratch the gnoll. You claw the gnoll!
The gnoll is severely wounded.
The gnoll barely misses you. The gnoll hits you with a +0 flail!
* * * LOW HITPOINT WARNING * * *
You feel better. The gnoll hits you with a +0 flail.
* * * LOW HITPOINT WARNING * * *
The gnoll hits you with a cursed -1 club!
You die...

#....W.. ##§....# ####
###.)#§..### #..##
#.§W§§§.g...
#...####§§#§§##gg. #
#...#...§##§## ##.
###...#.......## #...
#.....#gg......#
#...##.....#@....##....
#..............## ....
..#.[..#..#..#.# ....
##)§##.....#... .
#o......#..#..........
......###.###.##........##
.......##..#.#.##.........#
.......#........#......#...
...............##......#.##
.


You could see a phantom and 2 gnolls.

Vanquished Creatures
  An ogre (D:4)
  A scorpion (D:5)
  Crazy Yiuf (D:4)
  A gnoll shaman (D:5)
  An iguana (D:5)
  A worker ant (D:4)
  A hound skeleton (D:4)
  4 gnolls
  8 adders
  An ooze (D:1)
  An adder skeleton (D:5)
  2 worms
  A dart slug (D:1)
  A leopard gecko (D:4)
  9 orcs
  4 giant cockroaches
  8 goblins
  4 hobgoblins
  13 jackals
  A kobold (D:1)
  A quokka (D:2)
  4 bats
  5 frilled lizards
  6 rats
80 creatures vanquished.

Vanquished Creatures (collateral kills)
  Sigmund (D:2)
  A gnoll (D:2)
  A bat (D:2)
  A kobold (D:2)
  A rat (D:2)
5 creatures vanquished.

Vanquished Creatures (others)
  A frilled lizard (D:2)
1 creature vanquished.

Grand Total: 86 creatures vanquished

Notes
Turn   | Place    | Note
-------+----------+-------------------------------------------
     0 | D:1      | Lanoc the Ghoul Chaos Knight began the quest for the Orb.
     0 | D:1      | Reached XP level 1. HP: 19/19 MP: 0/0
    60 | D:1      | Reached skill level 1 in Dodging
    64 | D:1      | Reached XP level 2. HP: 24/26 MP: 1/1
    99 | D:1      | XOM: divination: magic mapping
   450 | D:1      | Reached XP level 3. HP: 28/31 MP: 2/2
   470 | D:2      | Found a bloodstained altar of Trog.
   504 | D:2      | XOM: cast spell 'Call Canine Familiar'
   513 | D:2      | Noticed Sigmund
   524 | D:2      | Killed Sigmund
   524 | D:2      | Reached skill level 4 in Unarmed Combat
   524 | D:2      | Reached XP level 4. HP: 32/40 MP: 3/3
   524 | D:2      | Reached XP level 5. HP: 37/46 MP: 4/4
   573 | D:2      | XOM: divination: detect creatures
   581 | D:2      | XOM: summons 4 friendly demons
   604 | D:2      | Reached skill level 5 in Unarmed Combat
   628 | D:2      | Found a radiant altar of Vehumet.
   653 | D:2      | Reached XP level 6. HP: 50/53 MP: 5/5
   799 | D:2      | XOM: god gift: scale mail {god gift}
   877 | D:2      | Found an iron altar of Okawaru.
   920 | D:3      | Found a sparkling altar of Nemelex Xobeh.
   926 | D:3      | XOM: smoke on damage
   929 | D:3      | XOM: smoke on damage
  1121 | D:3      | XOM: harmless Tmut miscast
  1387 | D:4      | XOM: confuse monster(s)
  1493 | D:4      | Found a runed door.
  1493 | D:4      | XOM: 4-stop teleportation journey
  1494 | D:4      | Noticed Crazy Yiuf
  1499 | D:4      | Killed Crazy Yiuf
  1625 | D:4      | Found a glowing silver altar of Zin.
  1691 | D:4      | Reached XP level 7. HP: 60/60 MP: 6/6
  1981 | D:5      | Entered Level 5 of the Dungeon
  1987 | D:5      | XOM: smoke on damage
  2077 | D:5      | Reached skill level 6 in Unarmed Combat
  2087 | D:5      | XOM: smoke on damage
  2098 | D:5      | Reached skill level 5 in Fighting
  2118 | D:5      | XOM: fog
  2135 | D:5      | HP: 2/61 [gnoll/+0 flail (9)]
  2136 | D:5      | Slain by a gnoll

Vault maps used:
D:1:      arrival_zaba_pyramid
D:2:      lemuel_doored_altar, kennysheep_okawaru_gauntlet, fiery_altar_vehumet,
          first_ration, minmay_split_cup_large, uniq_sigmund
D:3:      nemelex_xobeh_ov_fountains_minmay
D:4:      zin_scriptorium, uniq_crazy_yiuf_cottage
D:5:      dancing_weapons_uskayaw

Skill      XL: |  1  2  3  4  5  6  7 |
---------------+----------------------+-----
Dodging        | 1 2 3 |  3.1
Armour         | 2 3 |  3.5
Fighting       | 4 5 |  5.0
Unarmed Combat | 4 5 6 |  6.2

Action                   |  1- 3 |  4- 6 |  7- 9 || total
-------------------------+-------+-------+-------++-------
Melee: Unarmed           |    79 |   168 |    84 ||   331
       Punch             |       |       |     2 ||     2
  Use: Scroll            |       |     5 |       ||     5
       Potion            |       |       |     1 ||     1
 Stab: Sleeping          |       |     1 |       ||     1
  Eat: Chunk             |     1 |    16 |    12 ||    29
Armor: Leather armour    |    20 |    30 |    32 ||    82
       Scale mail        |       |     5 |       ||     5
Dodge: Dodged            |    37 |   118 |    47 ||   202

Table legend:
 A = Non-vault XP
 B = Vault XP
 C = Vault XP percentage of total XP
 D = Non-vault monster count
 E = Vault monster count
 F = Vault count percentage of total count
                 A         B        C        D         E       F
            +---------+---------+-------+---------+---------+-------
      Total |     622 |     227 |  26.7 |      80 |       5 |   5.9
            +---------+---------+-------+---------+---------+-------
        D:1 |      35 |       0 |   0.0 |      16 |       0 |   0.0
        D:2 |     107 |     186 |  63.5 |      21 |       4 |  16.0
        D:3 |      60 |       0 |   0.0 |      16 |       0 |   0.0
        D:4 |     229 |      41 |  15.2 |      13 |       1 |   7.1
        D:5 |     191 |       0 |   0.0 |      14 |       0 |   0.0
            +---------+---------+-------+---------+---------+-------
